 Dungeon Sprint DCSS version 0.20.1-1-g8b1a95d66d (webtiles) character file.

217447 Groucho the Contemplative (level 19, 0/204 HPs)
             Began as a Naga Fighter on Jan 2, 2018.
             Was a Priest of Cheibriados.
             Killed from afar by an ancient lich (57 damage)
             ... with a crystal spear
             ... in the Dungeon (Sprint VII: "The Pits").
             The game lasted 00:31:21 (13818 turns).

Groucho the Contemplative (Naga Fighter)           Turns: 13818, Time: 00:31:22

Health: 0/204      AC: 39    Str: 28    XL:     19   Next: 8%
Magic:  39/39      EV: 24    Int: 27    God:    Cheibriados [***...]
Gold:   98         SH: 29    Dex: 23    Spells: 50/50 levels left

rFire    + + .     SeeInvis +   a - +2 broad axe (chop)
rCold    + . .     Gourm    .   d - +3 large shield {rF+}
rNeg     + + +     Faith    +   B - +8 storm dragon scales
rPois    +         Spirit   .   x - +2 hat {Int+3}
rElec    +         Reflect  .   C - +2 cloak {MR+}
rCorr    .         Harm     .   Q - +2 pair of gloves
MR       +++++     NoTele   +   (no barding)
Stlth    ..........             U - amulet "Nagu Duo" {Faith rN+ Int+4}
Regen    0.5/turn               O - ring of Kiudyfez {rPois rC+ rN+ MR++ Int+2}
MPRegen  0.3/turn               V - ring of Vampiric Thralls {rElec rF+ rN+ Int+2 SInv}

@: studying 3 skills, very slow
A: see invisible, deformed body, poison resistance, slowness 2, slow metabolism
1, spit poison 1, constrict 1, AC +6
}: 1/15 runes: silver
a: Spit Poison, Bend Time, Temporal Distortion, Renounce Religion


You were in the Dungeon.
You worshipped Cheibriados.
Cheibriados was most pleased with you.
You were hungry.

You visited 1 branch You collected 98 gold pieces.

Inventory:

Hand Weapons
 a - a +2 broad axe of chopping (weapon)
 c - a +0 antimagic broad axe
 e - a +4 flail of crushing
 h - a +3 demon whip of electrocution
 A - the +6 sword of Cerebov {flame}
   (You took it off Cerebov in the Dungeon)

   It has been specially enchanted to burn those struck by it, causing extra
   injury to most foes and up to half again as much damage against particularly
   susceptible opponents.
   Big, fiery blades are also staple armaments of hydra-hunters.
Armour
 d - a +3 large shield of fire resistance (worn)
 x - a +2 hat of intelligence (worn)
 B - +8 storm dragon scales (worn)
 C - a +2 cloak of magic resistance (worn)
 Q - a +2 pair of gloves (worn)
 X - +0 gold dragon scales
Jewellery
 s - the ring of the Oligarchy {rElec rC+ rN+ Str+6}
   (You found it in the Dungeon)

   [ring of strength]

   It affects your strength (+6).
   It protects you from cold.
   It insulates you from electricity.
   It protects you from negative energy.
 w - the ring "Akkeogy" {+Inv rF+ Dex+2}
   (You found it in the Dungeon)

   [ring of protection from fire]

   It affects your dexterity (+2).
   It protects you from fire.
   It lets you turn invisible.
 D - the ring "Ytsu" {rElec rC+}
   (You found it in the Dungeon)

   [ring of protection from cold]

   It protects you from cold.
   It insulates you from electricity.
 E - a +5 ring of slaying
 M - the amulet of the Mantidfly {Spirit rF++ Int+4}
   (You found it in the Dungeon)

   [amulet of guardian spirit]

   It causes incoming damage to be split between your health and magic.
   It affects your intelligence (+4).
   It greatly protects you from fire.
 O - the ring of Kiudyfez (left hand) {rPois rC+ rN+ MR++ Int+2}
   (You found it in the Dungeon)

   [ring of positive energy]

   It affects your intelligence (+2).
   It protects you from cold.
   It protects you from poison.
   It protects you from negative energy.
   It affects your resistance to hostile enchantments.
 R - the ring of Geaw {rF+ Stlth+}
   (You found it in the Dungeon)

   [ring of stealth]

   It protects you from fire.
   It makes you more stealthy.
 T - the amulet "Imeqoosh" {Reflect Dex+4 SH+2}
   (You found it in the Dungeon)

   [amulet of reflection]

   It shields you and reflects attacks.
   It affects your dexterity (+4).
   It affects your SH (+2).
 U - the amulet "Nagu Duo" (around neck) {Faith rN+ Int+4}
   (You found it in the Dungeon)

   [amulet of faith]

   It allows you to gain divine favour quickly.
   It affects your intelligence (+4).
   It protects you from negative energy.
 V - the ring of Vampiric Thralls (right hand) {rElec rF+ rN+ Int+2 SInv}
   (You found it in the Dungeon)

   [ring of protection from fire]

   It affects your intelligence (+2).
   It protects you from fire.
   It insulates you from electricity.
   It protects you from negative energy.
   It lets you see invisible.
Scrolls
 j - 5 scrolls of identify
 k - a scroll of blinking
 m - 10 scrolls of remove curse
 n - 5 scrolls of amnesia
 o - a scroll of summoning
 r - 2 scrolls of fog
 y - 3 scrolls of recharging
 z - 4 scrolls of enchant weapon
 L - 4 scrolls of fear
 N - 2 scrolls of enchant armour
Potions
 b - 13 potions of curing
 g - 14 potions of heal wounds
 i - 3 potions of magic
 l - 2 potions of invisibility
 t - 4 potions of agility
 u - a potion of resistance
 v - 5 potions of might
Books
 F - a manual of Stealth
 G - a manual of Staves
 H - a manual of Translocations
Miscellaneous
 S - a phantom mirror
Comestibles
 f - 8 bread rations
 p - 40 fruits
 q - 11 meat rations


   Skills:
 * Level 20.7 Fighting
 - Level 18.8 Axes
 * Level 22.0 Armour
 * Level 21.7 Dodging
 * Level 22.0 Shields
 - Level 16.3 Unarmed Combat
 + Level 16.0 Spellcasting
 + Level 23.7 Invocations


You had 50 spell levels left.
You didn't know any spells.

Dungeon Overview and Level Annotations

Branches:
Dungeon (1/1)

Altars:
Ashenzari
Cheibriados
Dithmenos
Elyvilon
Fedhas
Gozag
Hepliaklqana
Kikubaaqudgha
Makhleb
Nemelex Xobeh
Okawaru
Qazlal
Ru
Sif Muna
Trog
Uskayaw
Vehumet
Xom
Yredelemnul
Zin
The Shining One
Beogh
Jiyva
Lugonu


Innate Abilities, Weirdness & Mutations

You cannot wear boots.
Your serpentine skin is tough. (AC +6)
You have supernaturally acute eyesight. (SInv)
Armour fits poorly on your strangely shaped body.
Your system is resistant to poisons. (rPois)
You cover ground very slowly.
You have a slow metabolism.
You can spit poison.
You can use your snake-like lower body to constrict enemies.


Message History

You block the Tzitzimitl's attack.
The Tzitzimitl bites you but does no damage.
Unknown command.
Unknown command.
You completely miss the green death.
The green death is heavily wounded.
You hit the Tzitzimitl.
You hit the ancient lich but do no damage.
You constrict the green death, but do no damage.
You block the ancient lich's attack.
Gerchyir comes into view.
Unknown command.
Gerchyir growls, "I shall feast on thy eyes!"
You hit the green death.
The green death is heavily wounded.
You barely miss the Tzitzimitl. You hit the ancient lich.
You constrict the green death! You block the green death's attack.
The ancient lich points at you and mumbles some strange words.
The crystal spear hits you!
You die...

### #.# ... '.# # #&#
###.###2###+#
.'...'L21##.##
#[@##...# #.##''...# #
####)##
####################)#
..#..#"..='....#))##.#
..#).#====#....#).##'#
)'#')######'##'#))##.#
...............#))##'#
).......)).)...##'##.#


You could see Gerchyir, an ancient lich, a Tzitzimitl, a green death and a
blizzard demon.

Vanquished Creatures
  Cerebov (D)
  A pandemonium lord (D)
  An ancient lich (D)
  Mara (D)
  Mennas (D)
  Boris (D)
  Nikola (D)
  A golden dragon (D)
  Jory (D)
  A pearl dragon (D)
  A bone dragon (D)
  A Tzitzimitl (D)
  An electric golem (D)
  2 Ice Fiends (D)
  A Hell Sentinel (D)
  4 titans (D)
  5 liches (D)
  A deep elf blademaster (D)
  2 deep elf master archers (D)
  An acid blob (D)
  Frances (D)
  2 sphinxes (D)
  4 nagarajas (D)
  A draconian monk (D)
  2 deep elf sorcerers (D)
  3 draconian knights (D)
  A draconian scorcher (D)
  A frost giant (D)
  An iron dragon (D)
  2 ghost moths (D)
  3 cacodemons (D)
  Louise (D)
  2 orc warlords (D)
  A spriggan defender (D)
  A draconian annihilator (D)
  2 war gargoyles (D)
  2 ghouls (D)
  A stone giant (D)
  5 vampire knights (D)
  2 black draconians (D)
  3 red draconians (D)
  2 deep elf annihilators (D)
  2 lorocyprocas (D)
  Azrael (D)
  2 purple draconians (D)
  A yellow draconian (D)
  A dire elephant (D)
  3 green draconians (D)
  2 white draconians (D)
  A green death (D)
  An ettin (D)
  4 blizzard demons (D)
  A mummy priest (D)
  6 deep elf death magi (D)
  2 fire dragons (D)
  A deep elf high priest (D)
  2 yaktaur captains (D)
  A hell beast (D)
  2 great orbs of eyes (D)
  A rakshasa (D)
  A hydra (D)
  An ice dragon (D)
  4 vault guards (D)
  4 naga warriors (D)
  A catoblepas (D)
  An anaconda (D)
  An alligator (D)
  An alligator snapping turtle (D)
  A two-headed ogre (D)
  A dancing weapon (D)
  An ogre mage (D)
  A spriggan berserker (D)
  3 death yaks (D)
  9 vampire magi (D)
  Urug (D)
  2 soul eaters (D)
  A sun demon (D)
  11 skeletal warriors (D)
  6 hell knights (D)
  A sixfirhy (D)
  A shadow wraith (D)
  A deep troll (D)
  4 flayed ghosts (D)
  A sea snake (D)
  3 wizards (D)
  A phantasmal warrior (D)
  13 orc knights (D)
  3 harpies (D)
  3 necromancers (D)
  An orc sorcerer (D)
  3 deep elf magi (D)
  A cyclops (D)
  2 moths of wrath (D)
  2 salamanders (D)
  A manticore (D)
  2 rust devils (D)
  5 naga magi (D)
  A smoke demon (D)
  An orange demon (D)
  A spiny frog (shapeshifter) (D)
  2 gargoyles (D)
  7 yaktaurs (D)
  4 freezing wraiths (D)
  2 demonic crawlers (D)
  A guardian mummy (D)
  2 kobold demonologists (D)
  3 ice devils (D)
  2 red devils (D)
  A jumping spider (D)
  A wind drake (D)
  A troll (D)
  A hornet (D)
  A hippogriff (shapeshifter) (D)
  4 blink frogs (D)
  2 bog bodies (D)
  A snapping turtle (D)
  A hippogriff (D)
  3 vampires (D)
  6 redbacks (D)
  A spriggan (D)
  2 tarantellas (D)
  8 fire elementals (D)
  A fire bat (D)
  2 vampire mosquitoes (D)
  2 chaos spawn (D)
  A hungry ghost (D)
  2 soldier ants (D)
  4 nagas (D)
  2 hell hounds (D)
  2 floating eyes (D)
  A porcupine (D)
  An orc warrior (D)
  A swamp drake (D)
  3 ice beasts (D)
  2 eyes of draining (D)
  A necrophage (D)
  A phantom (D)
  A wolf (D)
  A centaur (D)
  An ogre (D)
  2 crocodiles (D)
  2 big kobolds (D)
  A bullfrog (D)
  4 killer bees (D)
  4 orc priests (D)
  A quasit (D)
  A gnoll shaman (D)
  An iron imp (D)
  An iguana (D)
  A hell rat (D)
  2 mummies (D)
  5 gnolls (D)
  A river rat (D)
  2 white imps (D)
  2 adder zombies (D)
  4 adder skeletons (D)
  A worm (D)
  6 adder simulacra (D)
  2 leopard geckos (D)
  3 orcs (D)
  3 bat skeletons (D)
  2 bat zombies (D)
  A giant cockroach (D)
  A goblin (D)
  A hobgoblin (D)
  4 kobolds (D)
  A ball python simulacrum (D)
  A ball python skeleton (D)
  A ball python zombie (D)
  2 bats (D)
  4 bat simulacra (D)
  A frilled lizard (D)
  A giant cockroach zombie (D)
  A jackal zombie (D)
  A leopard gecko simulacrum (D)
  A leopard gecko skeleton (D)
  A rat (D)
  2 crawling corpses (D)
368 creatures vanquished.

Vanquished Creatures (others)
  A lorocyproca (D)
  A spriggan druid (D)
  2 jumping spiders (D)
  A redback (D)
  A ball python zombie (D)
  A jackal skeleton (D)
  2 quokka skeletons (D)
9 creatures vanquished.

Grand Total: 377 creatures vanquished

Notes
Turn   | Place    | Note
-------+----------+-------------------------------------------
     0 | D        | Groucho the Naga Fighter began the quest for the Orb.
     0 | D        | Reached XP level 1. HP: 21/21 MP: 1/1
    56 | D        | Found a bloodstained altar of Trog.
    56 | D        | Found a deep blue altar of Sif Muna.
    56 | D        | Found a viscous altar of Jiyva.
    56 | D        | Found a hazy altar of Hepliaklqana.
    56 | D        | Found an opulent altar of Gozag.
    57 | D        | Found a glowing golden altar of the Shining One.
    57 | D        | Found a glowing silver altar of Zin.
    57 | D        | Found a basalt altar of Yredelemnul.
    57 | D        | Found a shimmering altar of Xom.
    57 | D        | Found a sacrificial altar of Ru.
    57 | D        | Found a stormy altar of Qazlal.
    57 | D        | Found an iron altar of Okawaru.
    57 | D        | Found a sparkling altar of Nemelex Xobeh.
    57 | D        | Found a burning altar of Makhleb.
    57 | D        | Found a blossoming altar of Fedhas.
    57 | D        | Found a white marble altar of Elyvilon.
    57 | D        | Found a shadowy altar of Dithmenos.
    57 | D        | Found a snail-covered altar of Cheibriados.
    60 | D        | Found a corrupted altar of Lugonu.
    60 | D        | Found a radiant altar of Vehumet.
    60 | D        | Found a roughly hewn altar of Beogh.
    61 | D        | Found an ancient bone altar of Kikubaaqudgha.
    61 | D        | Found a hide-covered altar of Uskayaw.
    61 | D        | Found a shattered altar of Ashenzari.
    70 | D        | Became a worshipper of Cheibriados the Contemplative
    96 | D        | Reached * piety under Cheibriados
   430 | D        | Reached ** piety under Cheibriados
   437 | D        | Noticed a floating eye
   443 | D        | Paralysed by a floating eye for 2 turns
   446 | D        | Killed a floating eye
   446 | D        | Reached XP level 2. HP: 28/28 MP: 2/2
   446 | D        | Reached XP level 3. HP: 34/34 MP: 3/3
   446 | D        | Reached XP level 4. HP: 42/42 MP: 4/4
   454 | D        | Reached *** piety under Cheibriados
   462 | D        | Reached **** piety under Cheibriados
   533 | D        | Reached skill level 1 in Invocations
   533 | D        | Reached XP level 5. HP: 30/49 MP: 4/6
   541 | D        | Noticed a necrophage
   541 | D        | Noticed a deep elf mage
   546 | D        | Killed a necrophage
   546 | D        | Reached ***** piety under Cheibriados
   546 | D        | Reached skill level 5 in Invocations
   552 | D        | Reached XP level 6. HP: 54/56 MP: 6/10
   569 | D        | Killed a deep elf mage
   569 | D        | Reached skill level 9 in Invocations
   569 | D        | Reached XP level 7. HP: 41/62 MP: 8/14
   751 | D        | Reached skill level 10 in Invocations
  1052 | D        | Noticed a phantasmal warrior
  1062 | D        | Killed a phantasmal warrior
  1062 | D        | Reached skill level 11 in Invocations
  1062 | D        | Reached XP level 8. HP: 35/69 MP: 9/16
  1407 | D        | Reached skill level 12 in Invocations
  1532 | D        | Reached ****** piety under Cheibriados
  1532 | D        | Reached skill level 13 in Invocations
  1532 | D        | Reached XP level 9. HP: 69/75 MP: 18/18
  1649 | D        | Noticed a flayed ghost
  1649 | D        | Noticed a red devil
  1651 | D        | Killed a flayed ghost
  1651 | D        | Killed a red devil
  1651 | D        | Reached skill level 14 in Invocations
  1944 | D        | Noticed a jumping spider
  1944 | D        | Noticed a gargoyle
  1948 | D        | Killed a jumping spider
  1951 | D        | Killed a gargoyle
  1951 | D        | Reached skill level 15 in Axes
  2292 | D        | Noticed a shadow wraith
  2292 | D        | Noticed a sea snake
  2295 | D        | Reached skill level 1 in Dodging
  2295 | D        | Reached XP level 10. HP: 69/84 MP: 15/21
  2295 | D        | Killed a sea snake
  2295 | D        | Reached skill level 5 in Armour
  2295 | D        | Reached skill level 5 in Shields
  2295 | D        | Reached skill level 15 in Invocations
  2295 | D        | Killed a shadow wraith
  2842 | D        | Noticed a kobold demonologist
  2845 | D        | Killed a kobold demonologist
  3115 | D        | Noticed an orc sorcerer
  3117 | D        | Reached skill level 5 in Fighting
  3117 | D        | Killed an orc sorcerer
  3141 | D        | Noticed a wizard
  3142 | D        | Noticed a deep troll
  3143 | D        | Noticed a manticore
  3143 | D        | Killed a deep troll
  3143 | D        | Reached skill level 5 in Dodging
  3143 | D        | Reached XP level 11. HP: 96/96 MP: 16/22
  3143 | D        | Killed a wizard
  3144 | D        | Killed a manticore
  3450 | D        | Noticed a death yak
  3453 | D        | Killed a death yak
  3831 | D        | Identified the Papyrus of the Jolly Songs (You found it in the Dungeon)
  3974 | D        | Reached skill level 16 in Invocations
  4819 | D        | Noticed a spriggan rider
  4824 | D        | Paralysed by a hornet for 2 turns
  5237 | D        | Noticed a deep elf mage
  5239 | D        | Reached XP level 12. HP: 106/109 MP: 18/24
  5560 | D        | Noticed a great orb of eyes
  5561 | D        | Noticed an orc warlord
  5561 | D        | Noticed an orc warlord
  5563 | D        | Killed a great orb of eyes
  5564 | D        | Reached skill level 10 in Shields
  5564 | D        | Reached skill level 10 in Armour
  5565 | D        | Killed an orc warlord
  5566 | D        | Killed an orc warlord
  5763 | D        | Noticed a deep elf annihilator
  5763 | D        | Noticed a vault guard
  5763 | D        | Noticed a naga warrior
  5763 | D        | Noticed a yaktaur captain
  5767 | D        | Killed a deep elf annihilator
  5767 | D        | Reached skill level 10 in Dodging
  5767 | D        | Gained mutation: You can use your snake-like lower body to constrict enemies. [Naga growth]
  5767 | D        | Reached XP level 13. HP: 63/120 MP: 14/25
  5767 | D        | Killed a yaktaur captain
  5767 | D        | Killed a vault guard
  6122 | D        | Noticed a great orb of eyes
  6122 | D        | Noticed a yaktaur captain
  6126 | D        | Reached skill level 17 in Invocations
  6127 | D        | Killed a great orb of eyes
  6127 | D        | Killed a yaktaur captain
  6143 | D        | Noticed a lorocyproca
  6148 | D        | Killed a lorocyproca
  6512 | D        | Noticed Frances
  6512 | D        | Noticed a war gargoyle
  6512 | D        | Noticed a bone dragon
  6514 | D        | Killed a war gargoyle
  6514 | D        | Reached skill level 10 in Fighting
  6514 | D        | Reached skill level 1 in Unarmed Combat
  6514 | D        | Reached skill level 1 in Spellcasting
  6516 | D        | Killed Frances
  6520 | D        | Killed a bone dragon
  6622 | D        | Noticed a vampire knight
  6622 | D        | Noticed a ghost moth
  6623 | D        | Reached XP level 14. HP: 133/133 MP: 26/26
  6625 | D        | Killed a vampire knight
  6630 | D        | Noticed Urug
  6633 | D        | Noticed a nagaraja
  6644 | D        | Killed Urug
  6644 | D        | Reached skill level 5 in Unarmed Combat
  6648 | D        | Killed a ghost moth
  6648 | D        | Reached skill level 18 in Invocations
  6659 | D        | Reached skill level 5 in Spellcasting
  6665 | D        | Killed a nagaraja
  7100 | D        | Noticed a sphinx
  7111 | D        | Killed a sphinx
  7315 | D        | Noticed a red draconian
  7329 | D        | Killed a red draconian
  7334 | D        | Noticed a lich
  7334 | D        | Noticed a deep elf sorcerer
  7335 | D        | Killed a deep elf sorcerer
  7336 | D        | Noticed a red draconian knight
  7336 | D        | Killed a lich
  7337 | D        | Noticed a deep elf annihilator
  7340 | D        | Killed a deep elf annihilator
  7346 | D        | Killed a red draconian knight
  7700 | D        | Identified the Almanac of Supportive Orientation (You found it in the Dungeon)
  7702 | D        | Identified the Handbook of Creation and Moulding (You found it in the Dungeon)
  7703 | D        | Noticed a nagaraja
  7704 | D        | Noticed a green draconian
  7704 | D        | Noticed a cacodemon
  7704 | D        | Noticed a deep elf master archer
  7705 | D        | Noticed a stone giant
  7708 | D        | Killed a deep elf master archer
  7708 | D        | Reached XP level 15. HP: 117/144 MP: 17/28
  7709 | D        | Killed a cacodemon
  7710 | D        | Killed a nagaraja
  7907 | D        | Identified the Incunabulum of the Helpful Snowflakes (You found it in the Dungeon)
  7907 | D        | Identified the Incunabulum of the Helpful Snowflakes (You found it in the Dungeon)
  7924 | D        | Noticed a sphinx
  7932 | D        | Killed a sphinx
  7932 | D        | Reached skill level 19 in Invocations
  7979 | D        | Got the amulet of the Sun {+Rage rElec rF+ MR- Str+6}
  7981 | D        | Got the amulet "Xocoacen" {Faith rC+ MP-9 Int+3 Stlth+}
  7983 | D        | Got the amulet of the Mantidfly {Spirit rF++ Int+4}
  7985 | D        | Got the amulet "Wal Kiun" {+Rage rN+ Dex+3 SInv}
  7987 | D        | Got the ring of Kiudyfez {rPois rC+ rN+ MR++ Int+2}
  7989 | D        | Got the ring "Nejyi" {Dex+4 SInv Stlth+}
  7991 | D        | Got the amulet of Inus {Fragile +Rage rElec rF+++ Int+4}
  7993 | D        | Got the ring of Geaw {rF+ Stlth+}
  7995 | D        | Got the amulet "Gaompock" {RegenMP rPois}
  7997 | D        | Got the amulet "Imeqoosh" {Reflect Dex+4 SH+2}
  7999 | D        | Got the amulet "Nagu Duo" {Faith rN+ Int+4}
  8001 | D        | Got the ring of Vampiric Thralls {rElec rF+ rN+ Int+2 SInv}
  8003 | D        | Got the amulet "Gaviysm" {rN+ Regen+}
  8031 | D        | Got the ring of the Gloaming {Ice *Slow rPois Int+3 Dex+4}
  8039 | D        | Got the ring of the Oligarchy {rElec rC+ rN+ Str+6}
  8041 | D        | Got the ring "Akkeogy" {+Inv rF+ Dex+2}
  8044 | D        | Got the ring of Hib Lelyep {Wiz rPois}
  8047 | D        | Got the ring "Zucve" {Int+6 Dex+2}
  8050 | D        | Got the ring of Sovereignty {rPois rF+ Dex+2 SInv}
  8053 | D        | Got the ring "Zefouf" {rF+ Int+6 Dex+5}
  8056 | D        | Got the ring "Sufaim" {rPois Dex+4 SInv}
  8059 | D        | Got the ring of Vevetzat {rC+ MR+ Str+3}
  8062 | D        | Got the ring "Haheets" {rC+ Str+6}
  8065 | D        | Got the ring "Ytsu" {rElec rC+}
  8347 | D        | Noticed a ghost moth
  8357 | D        | Killed a ghost moth
  8357 | D        | Reached skill level 15 in Shields
  8359 | D        | Reached skill level 15 in Armour
  8412 | D        | Noticed Jory
  8425 | D        | Killed Jory
  8465 | D        | Reached skill level 15 in Dodging
  8495 | D        | Reached skill level 10 in Unarmed Combat
  8641 | D        | Noticed Azrael
  8654 | D        | Killed Azrael
  9063 | D        | Noticed an ancient lich
  9064 | D        | Noticed a deep elf blademaster
  9076 | D        | Killed an ancient lich
  9076 | D        | Reached skill level 10 in Spellcasting
  9076 | D        | Reached XP level 16. HP: 104/160 MP: 28/30
  9078 | D        | Killed a deep elf blademaster
  9078 | D        | Reached skill level 20 in Invocations
  9553 | D        | Noticed a nagaraja
  9566 | D        | Killed a nagaraja
  9566 | D        | Reached skill level 15 in Fighting
  9571 | D        | Noticed Mara
  9581 | D        | Noticed Groucho's illusion
  9589 | D        | Killed Mara
 10291 | D        | Noticed a lich
 10291 | D        | Noticed a lich
 10294 | D        | Killed a lich
 10297 | D        | Killed a lich
 10297 | D        | Reached skill level 21 in Invocations
 10299 | D        | Reached XP level 17. HP: 173/176 MP: 17/32
 10345 | D        | Got a silver rune of Zot
 10370 | D        | Got the ring of Daureiv {rPois Dex+2}
 10753 | D        | Noticed a lich
 10758 | D        | Noticed a Tzitzimitl
 10758 | D        | Killed a lich
 10762 | D        | Noticed Boris
 10764 | D        | Noticed a golden dragon
 10765 | D        | Noticed a Hell Sentinel
 10765 | D        | Noticed a titan
 10767 | D        | Killed a golden dragon
 10769 | D        | Killed a titan
 10771 | D        | Noticed Louise
 10771 | D        | Killed a Hell Sentinel
 10771 | D        | Killed Boris
 10779 | D        | Killed Louise
 10801 | D        | Reached skill level 22 in Invocations
 11270 | D        | Noticed an acid blob
 11270 | D        | Noticed a pearl dragon
 11271 | D        | Noticed an Ice Fiend
 11272 | D        | Noticed a titan
 11274 | D        | Killed a pearl dragon
 11274 | D        | Killed an acid blob
 11275 | D        | Killed an Ice Fiend
 11275 | D        | Killed a titan
 11275 | D        | Reached XP level 18. HP: 92/189 MP: 12/35
 11279 | D        | Reached skill level 15 in Unarmed Combat
 11706 | D        | Got the ring "Zyupn" {rCorr *Drain +Blink rC++ MP+9}
 11708 | D        | Got the ring of Mualong {rC+ Str+3 Int+5 Dex-3}
 11726 | D        | Got the amulet "Enaot" {Gourm MR+}
 11728 | D        | Got the ring of the Leaf {Ice rElec MR+ Int-5 Slay+3}
 11732 | D        | Got the ring "Saudgh Seramu" {MR++ Str-2 SInv}
 11735 | D        | Got the ring of Tugaet {*Drain +Blink rF+ Int+7}
 11738 | D        | Got the ring "Fadeppim" {Ice Int+2 Dex+3}
 11741 | D        | Got the ring "Huhifiqo" {+Blink rF++ rC+ MR- Dex+3}
 11759 | D        | Noticed a deep elf master archer
 11762 | D        | Killed a deep elf master archer
 11799 | D        | Got the +9 broad axe of Resumed Hostilities {chaos, rF+ Dex+2}
 11924 | D        | Noticed Mennas
 11928 | D        | Killed Mennas
 11931 | D        | Noticed a titan
 11943 | D        | Killed a titan
 12031 | D        | Noticed a Tzitzimitl
 12038 | D        | Killed a Tzitzimitl
 12041 | D        | Noticed an Ice Fiend
 12049 | D        | Killed an Ice Fiend
 12051 | D        | Noticed Cerebov
 12089 | D        | Killed Cerebov
 12089 | D        | Reached skill level 15 in Spellcasting
 12089 | D        | Reached skill level 23 in Invocations
 12711 | D        | Noticed a lich
 12715 | D        | Killed a lich
 12718 | D        | Noticed an electric golem
 12732 | D        | Killed an electric golem
 13145 | D        | Noticed Eluurig the pandemonium lord
 13145 | D        | Noticed Nikola
 13151 | D        | Killed Nikola
 13167 | D        | Killed Eluurig the pandemonium lord
 13179 | D        | Was placed under penance by Cheibriados
 13183 | D        | Was forgiven by Cheibriados
 13183 | D        | Reached XP level 19. HP: 74/204 MP: 38/38
 13798 | D        | Noticed a Tzitzimitl
 13801 | D        | Noticed an ancient lich
 13818 | D        | Noticed Gerchyir the pandemonium lord
 13818 | D        | Killed from afar by an ancient lich

Skill      XL: |  1  2  3  4  5  6  7  8  9 10 11 12 13 14 15 16 17 18 19 |
---------------+----------------------------------------------------------+-----
Axes           | 6 8 11 12 13 15 16 17 18 | 18.8
Armour         | 4 7 9 10 12 14 16 18 20 21 22 | 22.0
Shields        | 4 7 9 10 12 14 16 18 20 21 22 | 22.0
Invocations    | 1 5 9 11 13 14 15 16 17 18 19 21 22 23 | 23.7
Dodging        | 1 5 7 10 11 13 15 17 19 21 | 21.7
Fighting       | 5 7 8 10 12 14 17 18 20 | 20.7
Unarmed Combat | 3 7 10 12 14 16 | 16.3
Spellcasting   | 3 7 10 11 13 15 16 | 16.0

Action                   |  1- 3 |  4- 6 |  7- 9 | 10-12 | 13-15 | 16-18 | 19-21 || total
-------------------------+-------+-------+-------+-------+-------+-------+-------++-------
Melee: Hand axe          |    17 |    39 |    11 |       |       |       |       ||    67
       War axe           |    13 |       |    11 |    83 |    18 |       |       ||   125
       Broad axe         |       |       |       |       |   220 |   169 |    29 ||   418
       Constrict         |       |       |       |       |    36 |    22 |     5 ||    63
Invok: Slouch            |       |       |     9 |    26 |    26 |    47 |       ||   108
       Bend Time         |       |       |       |     2 |       |       |       ||     2
  Use: Potion            |     1 |     6 |     1 |     1 |     2 |    14 |     6 ||    31
  Eat: Bread ration      |       |       |     1 |     2 |     2 |       |       ||     5
       Chunk             |       |       |       |       |     1 |     1 |       ||     2
       Meat ration       |       |       |       |       |       |     1 |       ||     1
       Royal jelly       |       |       |       |       |       |     2 |       ||     2
Armor: Scale mail        |    14 |     9 |       |       |       |       |       ||    23
       Chain mail        |       |       |     7 |    37 |       |       |       ||    44
       Plate armour      |       |       |       |       |    63 |    37 |       ||   100
       Storm dragon scal |       |       |       |       |       |    21 |    17 ||    38
Dodge: Dodged            |     9 |    13 |     5 |    42 |   123 |    76 |    14 ||   282
Block: Shield            |    13 |    21 |    15 |    73 |   206 |    22 |       ||   350
       Reflection        |       |       |       |       |    11 |     5 |       ||    16
       Large shield      |       |       |       |       |       |   174 |    48 ||   222
